Stars vs Blackhawks
(R1)
Created - 28 avril 2015 at 19:24
Goals
|
| Stars |
2 |
2 |
0 |
4 |
| Blackhawks |
3 |
1 |
1 |
5 |
|
Shots
|
| Stars |
12 |
9 |
9 |
30 |
| Blackhawks |
8 |
4 |
9 |
21 |
|
1st period
1. Blackhawks , Steve Bernier 2 (Scott Gomez, Robert Nilsson) at 0:33
2. Blackhawks , Chris Higgins 4 (Dominic Moore) at 3:37
3. Blackhawks , Kris Versteeg 6 (Robert Nilsson, Johnny Oduya) at 12:17
4. Stars , Henrik Sedin 5 (Pavel Kubina) at 12:23
5. Stars , Patrick Sharp 4 (Henrik Sedin, Mark Streit) at 13:42 (PP)
Penalties :
Steve Bernier (Chi) for Tripping (Minor) at 9:54, Steve Bernier (Chi) for Interference (Minor) at 13:04, Pavel Kubina (Dal) for Holding Stick (Minor) at 13:43
2nd period
6. Blackhawks , Chris Higgins 5 (Dominic Moore) at 0:49
7. Stars , Daniel Cleary 3 (Filip Novak, Jan Hlavac) at 15:37
8. Stars , Ryan Malone 2 (John Tavares, Filip Novak) at 19:15
Penalties :
Alexei Morozov (Dal) for Interference (Minor) at 1:16, Robert Nilsson (Chi) for High sticking (Minor) at 5:22, Robert Nilsson (Chi) for Hooking (Minor) at 12:34, Ryan Malone (Dal) for Hooking (Minor) at 16:45, Steve McCarthy (Chi) for Holding (Minor) at 19:37
3rd period
9. Blackhawks , Robert Nilsson 8 (John Carlson, Henrik Zetterberg) at 2:36 (PP)
Penalties :
Pavel Kubina (Dal) for Roughing (Minor) at 1:39, John Tavares (Dal) for Holding (Minor) at 3:27, Alexei Morozov (Dal) for Hooking (Minor) at 8:29, Scott Gomez (Chi) for Hooking (Minor) at 15:22
Goalie Stats
Pascal Leclaire (Dal), 11 saves from 12 shots - (0,917), L, 3-4-1, 37:56 minutes
Patrick Lalime (Dal), 5 saves from 9 shots - (0,556), 20:49 minutes
Jocelyn Thibault (Chi), 26 saves from 30 shots - (0,867), W, 2-0-0, 60:00 minutes
Players Stats for Stars
Player Name G A P +/- PIM S H SB GA TA FO MP PP MP PK MP
------------------------------------------------------------------------------------
Alexei Morozov 0 0 0 -2 4 2 2 0 0 1 0/0 16:40 6:18 0:05
Brendan Bell 0 0 0 -1 0 1 1 1 0 1 0/0 14:23 0:00 5:11
Bryan Berard 0 0 0 -1 0 1 0 0 0 0 0/0 14:38 3:20 1:35
Daniel Cleary 1 0 1 0 0 1 1 0 0 0 0/0 7:47 0:00 1:27
Daniel Sedin 0 0 0 1 0 1 3 1 2 1 3/3 21:03 6:18 2:57
Éric Belanger 0 0 0 -1 0 0 1 1 1 0 6/7 8:16 0:00 2:00
Evgeny Artyukhin 0 0 0 -1 0 1 0 0 1 0 0/0 9:35 0:00 0:00
Filip Novak 0 2 2 2 0 1 1 0 0 1 0/0 18:13 0:00 6:12
Henrik Sedin 1 1 2 1 0 4 3 1 1 0 9/15 18:22 4:15 1:17
Jan Hlavac 0 1 1 1 0 4 1 0 1 0 0/0 12:58 0:00 6:04
John Tavares 0 1 1 -1 2 2 2 0 0 1 7/21 20:44 6:18 2:55
Mark Streit 0 1 1 1 0 0 1 1 1 0 0/0 16:58 3:20 0:00
Marty Reasoner 0 0 0 0 0 0 1 0 0 0 4/8 10:55 0:00 4:35
Matthew Spiller 0 0 0 -1 0 0 0 2 0 0 0/0 28:29 7:13 5:41
Patrick Sharp 1 0 1 -2 0 7 2 0 0 0 2/3 16:34 4:15 0:24
Pavel Kubina 0 1 1 -2 4 2 1 5 0 0 0/0 27:30 7:13 3:05
Ryan Malone 1 0 1 0 2 1 0 0 0 0 0/0 10:05 0:00 0:00
Shane Doan 0 0 0 1 0 2 1 1 1 0 2/2 15:52 4:15 0:00
Players Stats for Blackhawks
Player Name G A P +/- PIM S H SB GA TA FO MP PP MP PK MP
------------------------------------------------------------------------------------
Chris Campoli 0 0 0 -1 0 1 2 1 0 2 0/0 20:22 3:41 3:33
Chris Higgins 2 0 2 2 0 4 1 0 0 0 0/0 13:27 4:41 0:56
Daniel Carcillo 0 0 0 -2 0 2 0 1 1 0 0/0 8:14 0:14 0:00
Dominic Moore 0 2 2 2 0 2 1 1 0 0 14/21 16:06 0:16 6:45
George Parros 0 0 0 2 0 1 1 0 1 0 1/1 8:36 0:16 0:00
Henrik Zetterberg 0 1 1 1 0 0 2 0 1 0 0/2 16:03 5:55 0:00
Jamie Langenbrunner 0 0 0 0 0 0 1 1 0 2 1/2 23:33 4:41 6:33
Jeff Schultz 0 0 0 0 0 1 1 1 1 1 0/0 19:40 0:00 7:05
John Carlson 0 1 1 2 0 1 2 0 0 0 0/0 18:23 7:11 0:00
Johnny Oduya 0 1 1 0 0 1 2 1 1 1 0/0 25:03 7:11 3:28
Kris Versteeg 1 0 1 0 0 3 1 1 0 0 0/0 20:00 5:55 1:50
Logan Couture 0 0 0 -2 0 1 1 1 0 0 0/1 7:47 0:00 0:00
Niclas Wallin 0 0 0 2 0 0 0 2 0 0 0/0 12:14 0:00 1:23
Robert Nilsson 1 2 3 0 4 1 2 2 0 1 7/24 18:37 5:57 0:00
Scott Gomez 0 1 1 1 2 1 4 0 0 0 3/7 16:56 4:41 2:19
Sheldon Keefe 0 0 0 -2 0 1 3 0 0 0 0/0 10:16 0:00 2:43
Steve Bernier 1 0 1 1 4 1 1 0 0 1 0/1 9:55 0:00 0:00
Steve McCarthy 0 0 0 -1 2 0 2 2 0 0 0/0 24:09 3:41 5:37
3 Stars
1 - Chris Higgins (Chi)
2 - Henrik Sedin (Dal)
3 - Dominic Moore (Chi)
Power Play
Stars - 1 on 6 Attempt(s) - 16,67%
Blackhawks - 1 on 6 Attempt(s) - 16,67%
Penalty Kill
Stars - 5 on 6 Attempt(s) - 83,33%
- Score 0 goal in Penalty Kill
Blackhawks - 5 on 6 Attempt(s) - 83,33%
- Score 0 goal in Penalty Kill
Team Stat
Stars - Hits : 21 - Faceoff Wins : 33 - Blocked Shots : 13 - Penalty Minutes : 12
Blackhawks - Hits : 27 - Faceoff Wins : 26 - Blocked Shots : 14 - Penalty Minutes : 12
Official
Referees : Banfield David and StLaurent Francois
Linesman : Jonny Murray and Dan Schachte
Game Notes
Pascal Leclaire enters game at 0:49 of 2nd period
Éric Belanger is injured at 16:47 of 2nd period (Strained Left Knee)
Finance
Level 1 -- Attendance: 6000 (100,00%) -- Ticket Income 528 000 $
Level 2 -- Attendance: 5000 (100,00%) -- Ticket Income 265 000 $
Level 3 -- Attendance: 2000 (100,00%) -- Ticket Income 68 000 $
Level 4 -- Attendance: 3800 (95,00%) -- Ticket Income 83 600 $
Luxury Box -- Attendance: 1000 (100,00%) -- Ticket Income 165 000 $
Game was played at the Chicago Stadium'
Total Attendance: 17800 (98,89%)
Total Ticket Income: 1 109 600 $
Other Income: 166 440 $
Total Income: 1 276 040 $
Stars
5 vs 5 Forward
Center Left Wing Right Wing Time % Phy DF OF
1 Henrik Sedin Daniel Sedin Shane Doan 40 1 2 2
2 John Tavares Patrick Sharp Alexei Morozov 30 1 2 2
3 Éric Belanger Ryan Malone Evgeny Artyukhin 20 1 2 2
4 Marty Reasoner Jan Hlavac Daniel Cleary 10 1 2 2
5 vs 5 Defense
Defense Defense Time % Phy DF OF
1 Pavel Kubina Matthew Spiller 40 1 2 2
2 Mark Streit Filip Novak 30 1 2 2
3 Brendan Bell Bryan Berard 20 1 2 2
4 Pavel Kubina Matthew Spiller 10 1 2 2
PowerPlay Forward
Center Left Wing Right Wing Time % Phy DF OF
1 John Tavares Daniel Sedin Alexei Morozov 60 1 2 2
2 Henrik Sedin Patrick Sharp Shane Doan 40 1 2 2
PowerPlay Defense
Defense Defense Time % Phy DF OF
1 Pavel Kubina Matthew Spiller 60 1 2 2
2 Mark Streit Bryan Berard 40 1 2 2
Penalty Kill 4 Players Forward
Center Wing Time % Phy DF OF
1 Éric Belanger Jan Hlavac 60 1 2 2
2 Marty Reasoner Daniel Cleary 40 1 2 2
Penalty Kill 4 Players Defense
Defense Defense Time % Phy DF OF
1 Filip Novak Matthew Spiller 60 1 2 2
2 Brendan Bell Pavel Kubina 40 1 2 2
Penalty Kill - 3 Players Forward
Forward Time % Phy DF OF
1 Marty Reasoner 60 1 2 2
2 Éric Belanger 40 1 2 2
Penalty Kill - 3 Players Defense
Defense Defense Time % Phy DF OF
1 Brendan Bell Matthew Spiller 60 1 2 2
2 Brendan Bell Mark Streit 40 1 2 2
4 vs 4 Forward
Center Wing Time % Phy DF OF
1 John Tavares Patrick Sharp 60 1 2 2
2 Henrik Sedin Daniel Sedin 40 1 2 2
4 vs 4 Defense
Defense Defense Time % Phy DF OF
1 Matthew Spiller Mark Streit 60 1 2 2
2 Pavel Kubina Bryan Berard 40 1 2 2
Last Minutes Offensive
Center Left Wing Right Wing Defense Defense
Henrik Sedin Patrick Sharp Alexei Morozov Pavel Kubina Mark Streit
Last Minutes Defensive
Center Left Wing Right Wing Defense Defense
Marty Reasoner Jan Hlavac Daniel Cleary Matthew Spiller Brendan Bell
Goaltenders
Starting : Patrick Lalime
Backup : Pascal Leclaire
Extra Forwards
Normal : John Tavares, Daniel Sedin, Patrick Sharp - PP : Daniel Sedin, Patrick Sharp - PK : Marty Reasoner
Extra Defensemen
Normal : Pavel Kubina, Brendan Bell, Matthew Spiller - PP : Pavel Kubina - PK : Filip Novak, Matthew Spiller
Penalty Shots
Henrik Sedin, Patrick Sharp, Alexei Morozov, Daniel Sedin, Shane Doan
Blackhawks
5 vs 5 Forward
Center Left Wing Right Wing Time % Phy DF OF
1 Robert Nilsson Kris Versteeg Jamie Langenbrunner 40 1 2 2
2 Scott Gomez Henrik Zetterberg Steve Bernier 30 1 2 2
3 Dominic Moore Chris Higgins George Parros 20 1 2 2
4 Logan Couture Daniel Carcillo Sheldon Keefe 10 1 2 2
5 vs 5 Defense
Defense Defense Time % Phy DF OF
1 Johnny Oduya Steve McCarthy 40 1 2 2
2 Jeff Schultz Chris Campoli 30 1 2 2
3 John Carlson Niclas Wallin 20 1 2 2
4 Johnny Oduya Steve McCarthy 10 1 2 2
PowerPlay Forward
Center Left Wing Right Wing Time % Phy DF OF
1 Robert Nilsson Henrik Zetterberg Kris Versteeg 60 1 2 2
2 Scott Gomez Chris Higgins Jamie Langenbrunner 40 1 2 2
PowerPlay Defense
Defense Defense Time % Phy DF OF
1 Johnny Oduya John Carlson 60 1 2 2
2 Steve McCarthy Chris Campoli 40 1 2 2
Penalty Kill 4 Players Forward
Center Wing Time % Phy DF OF
1 Dominic Moore Jamie Langenbrunner 60 1 2 2
2 Scott Gomez Sheldon Keefe 40 1 2 2
Penalty Kill 4 Players Defense
Defense Defense Time % Phy DF OF
1 Jeff Schultz Steve McCarthy 60 1 2 2
2 Johnny Oduya Chris Campoli 40 1 2 2
Penalty Kill - 3 Players Forward
Forward Time % Phy DF OF
1 Henrik Zetterberg 60 1 2 2
2 Robert Nilsson 40 1 2 2
Penalty Kill - 3 Players Defense
Defense Defense Time % Phy DF OF
1 Johnny Oduya Steve McCarthy 60 1 2 2
2 Jeff Schultz Chris Campoli 40 1 2 2
4 vs 4 Forward
Center Wing Time % Phy DF OF
1 Robert Nilsson Henrik Zetterberg 60 1 2 2
2 Scott Gomez Kris Versteeg 40 1 2 2
4 vs 4 Defense
Defense Defense Time % Phy DF OF
1 Johnny Oduya Steve McCarthy 60 1 2 2
2 Jeff Schultz Chris Campoli 40 1 2 2
Last Minutes Offensive
Center Left Wing Right Wing Defense Defense
Robert Nilsson Henrik Zetterberg Kris Versteeg Johnny Oduya Steve McCarthy
Last Minutes Defensive
Center Left Wing Right Wing Defense Defense
Robert Nilsson Kris Versteeg Jamie Langenbrunner Jeff Schultz Steve McCarthy
Goaltenders
Starting : Jocelyn Thibault
Backup : Roberto Luongo
Extra Forwards
Normal : Dominic Moore, Chris Higgins, Logan Couture - PP : Dominic Moore, Chris Higgins - PK : Kris Versteeg
Extra Defensemen
Normal : John Carlson, Niclas Wallin, Jeff Schultz - PP : John Carlson - PK : Niclas Wallin, Jeff Schultz
Penalty Shots
Henrik Zetterberg, Robert Nilsson, Kris Versteeg, George Parros, Scott Gomez
% Time on Ice - Stars
Lines # - Real PCT - Wanted PCT - Time Play
Normal Forward
1 - 32% - 40% - 11:59
2 - 26% - 30% - 9:34
3 - 26% - 20% - 9:35
4 - 17% - 10% - 6:20
Normal Defense
1 - 39% - 40% - 14:32
2 - 37% - 30% - 13:53
3 - 22% - 20% - 8:06
4 - 3% - 10% - 0:57
PP Forward
1 - 60% - 60% - 6:18
2 - 40% - 40% - 4:15
PP Defense
1 - 68% - 60% - 7:13
2 - 32% - 40% - 3:20
PK Forward
1 - 87% - 60% - 9:25
2 - 13% - 40% - 1:27
PK Defense
1 - 57% - 60% - 6:12
2 - 43% - 40% - 4:40
PK3 Forward
1 - 0% - 60%
2 - 0% - 40%
PK3 Defense
1 - 0% - 60%
2 - 0% - 40%
44 Forward
1 - 0% - 60%
2 - 0% - 40%
44 Defense
1 - 0% - 60%
2 - 0% - 40%
Last Minute Offensive - 1:07
Last Minute Defensive - 0:00
Total
Forward - 60:00
Defense - 60:00
|
% Time on Ice - Blackhawks
Lines # - Real PCT - Wanted PCT - Time Play
Normal Forward
1 - 32% - 40% - 12:04
2 - 27% - 30% - 9:57
3 - 21% - 20% - 7:55
4 - 20% - 10% - 7:33
Normal Defense
1 - 39% - 40% - 14:39
2 - 36% - 30% - 13:30
3 - 25% - 20% - 9:20
4 - 0% - 10% - 0:00
PP Forward
1 - 57% - 60% - 6:11
2 - 43% - 40% - 4:41
PP Defense
1 - 66% - 60% - 7:11
2 - 34% - 40% - 3:41
PK Forward
1 - 74% - 60% - 7:50
2 - 26% - 40% - 2:43
PK Defense
1 - 67% - 60% - 7:05
2 - 33% - 40% - 3:28
PK3 Forward
1 - 0% - 60%
2 - 0% - 40%
PK3 Defense
1 - 0% - 60%
2 - 0% - 40%
44 Forward
1 - 0% - 60%
2 - 0% - 40%
44 Defense
1 - 0% - 60%
2 - 0% - 40%
Last Minute Offensive - 0:00
Last Minute Defensive - 1:06
Total
Forward - 60:00
Defense - 60:00
|
Play by Play
1st period
0:01 of 1st period - Jamie Langenbrunner wins face-off versus Henrik Sedin in neutral zone.
0:33 of 1st period - Wrist shot by Steve Bernier.
0:33 of 1st period - Goal by Steve Bernier - Stars : 0 - Blackhawks : 1.
0:34 of 1st period - Éric Belanger wins face-off versus Dominic Moore in neutral zone.
0:49 of 1st period - Éric Belanger is hit by George Parros and loses puck.
1:06 of 1st period - Wrist shot by Jan Hlavac.
1:06 of 1st period - Stopped by Jocelyn Thibault with a rebound.
1:08 of 1st period - Wrist shot by Mark Streit.
1:08 of 1st period - Shot Misses the Net.
1:44 of 1st period - Wrist shot by Daniel Sedin.
1:44 of 1st period - Shot Blocked by Jamie Langenbrunner.
1:46 of 1st period - Slapshot by Brendan Bell.
1:46 of 1st period - Stopped by Jocelyn Thibault without a rebound.
1:47 of 1st period - Shane Doan wins face-off versus Robert Nilsson in Blackhawks zone.
2:04 of 1st period - Snap shot by Henrik Sedin.
2:04 of 1st period - Stopped by Jocelyn Thibault with a rebound.
3:03 of 1st period - Shane Doan is hit by Robert Nilsson and loses puck.
3:13 of 1st period - Icing by Filip Novak.
3:14 of 1st period - Henrik Sedin wins face-off versus Scott Gomez in Stars zone.
3:23 of 1st period - Snap shot by Daniel Sedin.
3:23 of 1st period - Shot Misses the Net.
3:25 of 1st period - Slapshot by Filip Novak.
3:25 of 1st period - Shot Misses the Net.
3:27 of 1st period - Slapshot by Filip Novak.
3:27 of 1st period - Deflect By Shane Doan.
3:27 of 1st period - Shot Misses the Net.
3:27 of 1st period - Puck is out of play.
3:28 of 1st period - Dominic Moore wins face-off versus Patrick Sharp in Blackhawks zone.
3:37 of 1st period - Wrist shot by Chris Higgins.
3:37 of 1st period - Goal by Chris Higgins - Stars : 0 - Blackhawks : 2.
3:38 of 1st period - Éric Belanger wins face-off versus Steve Bernier in neutral zone.
4:30 of 1st period - Snap shot by Sheldon Keefe.
4:30 of 1st period - Shot Misses the Net.
4:32 of 1st period - Slapshot by Logan Couture.
4:32 of 1st period - Shot Misses the Net.
5:20 of 1st period - Wrist shot by Patrick Sharp.
5:20 of 1st period - Stopped by Jocelyn Thibault with a rebound.
5:34 of 1st period - Chris Higgins is hit by Pavel Kubina and loses puck.
6:14 of 1st period - Icing by Jamie Langenbrunner.
6:15 of 1st period - Éric Belanger wins face-off versus Robert Nilsson in Blackhawks zone.
7:10 of 1st period - Snap shot by Chris Higgins.
7:10 of 1st period - Shot Misses the Net.
7:24 of 1st period - Filip Novak is hit by Sheldon Keefe and loses puck.
7:55 of 1st period - Snap shot by Robert Nilsson.
7:55 of 1st period - Shot Misses the Net.
8:31 of 1st period - Slapshot by Chris Higgins.
8:31 of 1st period - Shot Blocked by Brendan Bell.
8:33 of 1st period - Backhand shot by Chris Higgins.
8:33 of 1st period - Shot Misses the Net.
8:35 of 1st period - Slapshot by Johnny Oduya.
8:35 of 1st period - Deflect By Chris Higgins.
8:35 of 1st period - Stopped by Patrick Lalime without a rebound.
8:36 of 1st period - John Tavares wins face-off versus Robert Nilsson in Stars zone.
9:01 of 1st period - Filip Novak is hit by Scott Gomez and loses puck.
9:20 of 1st period - Matthew Spiller is hit by Johnny Oduya and loses puck.
9:25 of 1st period - Wrist shot by Chris Higgins.
9:25 of 1st period - Shot Misses the Net.
9:27 of 1st period - Slapshot by Dominic Moore.
9:27 of 1st period - Shot Blocked by Pavel Kubina.
9:31 of 1st period - Slapshot by Chris Higgins.
9:31 of 1st period - Stopped by Patrick Lalime without a rebound.
9:32 of 1st period - Patrick Sharp wins face-off versus Scott Gomez in Stars zone.
9:32 of 1st period - Patrick Sharp is hit by Scott Gomez.
9:54 of 1st period - Minor Penalty to Steve Bernier for Tripping.
9:55 of 1st period - Dominic Moore wins face-off versus John Tavares in Blackhawks zone.
10:21 of 1st period - Jamie Langenbrunner is hit by Henrik Sedin and loses puck.
11:50 of 1st period - Chris Campoli is hit by Patrick Sharp and loses puck.
11:54 of 1st period - Penalty to Steve Bernier is over, Steve Bernier is back on ice.
12:07 of 1st period - Snap shot by Bryan Berard.
12:07 of 1st period - Stopped by Jocelyn Thibault without a rebound.
12:08 of 1st period - Robert Nilsson wins face-off versus Marty Reasoner in Blackhawks zone.
12:15 of 1st period - Wrist shot by Kris Versteeg.
12:15 of 1st period - Stopped by Patrick Lalime with a rebound.
12:17 of 1st period - Slapshot by Kris Versteeg.
12:17 of 1st period - Goal by Kris Versteeg - Stars : 0 - Blackhawks : 3.
12:18 of 1st period - Henrik Sedin wins face-off versus Robert Nilsson in neutral zone.
12:23 of 1st period - Slapshot by Henrik Sedin.
12:23 of 1st period - Goal by Henrik Sedin - Stars : 1 - Blackhawks : 3.
12:24 of 1st period - Henrik Sedin wins face-off versus Robert Nilsson in neutral zone.
12:35 of 1st period - Wrist shot by Robert Nilsson.
12:35 of 1st period - Shot Misses the Net.
12:37 of 1st period - Snap shot by Kris Versteeg.
12:37 of 1st period - Shot Misses the Net.
12:41 of 1st period - Snap shot by Kris Versteeg.
12:41 of 1st period - Shot Misses the Net.
12:59 of 1st period - Wrist shot by Alexei Morozov.
12:59 of 1st period - Shot Misses the Net.
13:04 of 1st period - Minor Penalty to Steve Bernier for Interference.
13:05 of 1st period - Dominic Moore wins face-off versus John Tavares in Blackhawks zone.
13:40 of 1st period - Snap shot by Henrik Sedin.
13:40 of 1st period - Stopped by Jocelyn Thibault with a rebound.
13:42 of 1st period - Wrist shot by Patrick Sharp.
13:42 of 1st period - Goal by Patrick Sharp - Stars : 2 - Blackhawks : 3.
13:43 of 1st period - Daniel Sedin wins face-off versus Robert Nilsson in neutral zone.
13:43 of 1st period - Minor Penalty to Pavel Kubina for Holding Stick.
13:44 of 1st period - Robert Nilsson wins face-off versus Éric Belanger in Stars zone.
14:11 of 1st period - Matthew Spiller is hit by Jamie Langenbrunner and loses puck.
15:43 of 1st period - Penalty to Pavel Kubina is over, Pavel Kubina is back on ice.
15:49 of 1st period - Snap shot by Pavel Kubina.
15:49 of 1st period - Shot Misses the Net.
15:58 of 1st period - Icing by Daniel Sedin.
15:59 of 1st period - John Tavares wins face-off versus Logan Couture in Stars zone.
16:04 of 1st period - Snap shot by Daniel Carcillo.
16:04 of 1st period - Stopped by Patrick Lalime with a rebound.
16:22 of 1st period - Shane Doan is hit by Chris Campoli and loses puck.
16:45 of 1st period - Snap shot by Éric Belanger.
16:45 of 1st period - Shot Misses the Net.
16:47 of 1st period - Slapshot by Pavel Kubina.
16:47 of 1st period - Stopped by Jocelyn Thibault with a rebound.
16:59 of 1st period - Wrist shot by Kris Versteeg.
16:59 of 1st period - Stopped by Patrick Lalime without a rebound.
17:00 of 1st period - Robert Nilsson wins face-off versus John Tavares in Stars zone.
17:30 of 1st period - Matthew Spiller is hit by Steve McCarthy and loses puck.
17:39 of 1st period - Johnny Oduya is hit by Shane Doan.
17:51 of 1st period - Slapshot by Pavel Kubina.
17:51 of 1st period - Stopped by Jocelyn Thibault with a rebound.
18:09 of 1st period - Alexei Morozov is hit by Kris Versteeg.
18:19 of 1st period - Wrist shot by Patrick Sharp.
18:19 of 1st period - Shot Blocked by Niclas Wallin.
18:21 of 1st period - Wrist shot by Patrick Sharp.
18:21 of 1st period - Stopped by Jocelyn Thibault with a rebound.
18:38 of 1st period - Off-side.
18:39 of 1st period - Henrik Sedin wins face-off versus Henrik Zetterberg in neutral zone.
18:42 of 1st period - Wrist shot by Shane Doan.
18:42 of 1st period - Stopped by Jocelyn Thibault without a rebound.
18:43 of 1st period - Scott Gomez wins face-off versus Henrik Sedin in Blackhawks zone.
18:43 of 1st period - Scott Gomez is hit by Daniel Sedin.
18:49 of 1st period - Filip Novak is hit by Chris Campoli and loses puck.
Goals for this period are 2 for Stars vs 3 for Blackhawks.
Shots for this period are 12 for Stars vs 8 for Blackhawks.
2nd period
0:01 of 2nd period - Henrik Sedin wins face-off versus Robert Nilsson in neutral zone.
0:47 of 2nd period - Snap shot by Dominic Moore.
0:47 of 2nd period - Shot Blocked by Éric Belanger.
0:49 of 2nd period - Snap shot by Chris Higgins.
0:49 of 2nd period - Goal by Chris Higgins - Stars : 2 - Blackhawks : 4.
0:49 of 2nd period - Pascal Leclaire enters game.
0:50 of 2nd period - Henrik Sedin wins face-off versus Robert Nilsson in neutral zone.
1:03 of 2nd period - Snap shot by Henrik Sedin.
1:03 of 2nd period - Shot Misses the Net.
1:05 of 2nd period - Slapshot by Brendan Bell.
1:05 of 2nd period - Deflect By Daniel Sedin.
1:05 of 2nd period - Shot Blocked by Robert Nilsson.
1:05 of 2nd period - Puck is out of play.
1:06 of 2nd period - John Tavares wins face-off versus Scott Gomez in Blackhawks zone.
1:07 of 2nd period - Snap shot by Alexei Morozov.
1:07 of 2nd period - Shot Misses the Net.
1:16 of 2nd period - Minor Penalty to Alexei Morozov for Interference.
1:17 of 2nd period - Éric Belanger wins face-off versus Robert Nilsson in Stars zone.
1:51 of 2nd period - Snap shot by Scott Gomez.
1:51 of 2nd period - Shot Misses the Net.
3:16 of 2nd period - Penalty to Alexei Morozov is over, Alexei Morozov is back on ice.
3:38 of 2nd period - John Tavares is hit by Sheldon Keefe and loses puck.
4:40 of 2nd period - Off-side.
4:41 of 2nd period - Dominic Moore wins face-off versus John Tavares in neutral zone.
4:48 of 2nd period - Snap shot by George Parros.
4:48 of 2nd period - Stopped by Pascal Leclaire with a rebound.
4:50 of 2nd period - Snap shot by Johnny Oduya.
4:50 of 2nd period - Stopped by Pascal Leclaire with a rebound.
4:52 of 2nd period - Slapshot by Johnny Oduya.
4:52 of 2nd period - Shot Misses the Net.
5:22 of 2nd period - Minor Penalty to Robert Nilsson for High sticking.
5:23 of 2nd period - Dominic Moore wins face-off versus John Tavares in Blackhawks zone.
5:59 of 2nd period - Slapshot by Henrik Sedin.
5:59 of 2nd period - Shot Misses the Net.
7:22 of 2nd period - Penalty to Robert Nilsson is over, Robert Nilsson is back on ice.
7:27 of 2nd period - Snap shot by Scott Gomez.
7:27 of 2nd period - Stopped by Pascal Leclaire with a rebound.
8:18 of 2nd period - Brendan Bell is hit by Jeff Schultz.
8:31 of 2nd period - Icing by Sheldon Keefe.
8:32 of 2nd period - Marty Reasoner wins face-off versus Robert Nilsson in Blackhawks zone.
8:39 of 2nd period - Robert Nilsson is hit by Marty Reasoner.
9:00 of 2nd period - Éric Belanger is hit by Henrik Zetterberg and loses puck.
9:37 of 2nd period - Kris Versteeg is hit by Alexei Morozov and loses puck.
10:44 of 2nd period - Slapshot by Johnny Oduya.
10:44 of 2nd period - Shot Blocked by Daniel Sedin.
11:02 of 2nd period - Chris Campoli is hit by Alexei Morozov and loses puck.
11:28 of 2nd period - Backhand shot by Jan Hlavac.
11:28 of 2nd period - Shot Misses the Net.
11:34 of 2nd period - Chris Campoli is hit by Jan Hlavac and loses puck.
11:47 of 2nd period - Henrik Zetterberg is hit by Éric Belanger and loses puck.
12:06 of 2nd period - John Carlson is hit by Daniel Sedin.
12:34 of 2nd period - Minor Penalty to Robert Nilsson for Hooking.
12:35 of 2nd period - John Tavares wins face-off versus Dominic Moore in Blackhawks zone.
12:41 of 2nd period - Snap shot by John Tavares.
12:41 of 2nd period - Stopped by Jocelyn Thibault without a rebound.
12:42 of 2nd period - Dominic Moore wins face-off versus John Tavares in Blackhawks zone.
12:55 of 2nd period - Snap shot by Alexei Morozov.
12:55 of 2nd period - Stopped by Jocelyn Thibault with a rebound.
12:57 of 2nd period - Wrist shot by Alexei Morozov.
12:57 of 2nd period - Deflect By John Tavares.
12:57 of 2nd period - Shot Blocked by Dominic Moore.
12:57 of 2nd period - Puck is out of play.
12:58 of 2nd period - Dominic Moore wins face-off versus John Tavares in Blackhawks zone.
12:58 of 2nd period - Dominic Moore is hit by Daniel Sedin.
14:34 of 2nd period - Penalty to Robert Nilsson is over, Robert Nilsson is back on ice.
14:44 of 2nd period - Wrist shot by Jan Hlavac.
14:44 of 2nd period - Shot Blocked by Johnny Oduya.
14:46 of 2nd period - Slapshot by Filip Novak.
14:46 of 2nd period - Shot Misses the Net.
14:48 of 2nd period - Slapshot by Daniel Cleary.
14:48 of 2nd period - Shot Blocked by Chris Campoli.
14:50 of 2nd period - Wrist shot by Daniel Cleary.
14:50 of 2nd period - Deflect By Robert Nilsson.
14:50 of 2nd period - Shot Blocked by Robert Nilsson.
14:50 of 2nd period - Puck is out of play.
14:51 of 2nd period - Scott Gomez wins face-off versus Marty Reasoner in Blackhawks zone.
14:51 of 2nd period - Scott Gomez is hit by Daniel Cleary.
15:01 of 2nd period - Marty Reasoner is hit by John Carlson and loses puck.
15:17 of 2nd period - Slapshot by Filip Novak.
15:17 of 2nd period - Shot Blocked by Logan Couture.
15:19 of 2nd period - Snap shot by Filip Novak.
15:19 of 2nd period - Shot Misses the Net.
15:21 of 2nd period - Slapshot by Marty Reasoner.
15:21 of 2nd period - Shot Misses the Net.
15:27 of 2nd period - Slapshot by Jan Hlavac.
15:27 of 2nd period - Stopped by Jocelyn Thibault with a rebound.
15:29 of 2nd period - Slapshot by Filip Novak.
15:29 of 2nd period - Stopped by Jocelyn Thibault with a rebound.
15:31 of 2nd period - Slapshot by Filip Novak.
15:31 of 2nd period - Shot Blocked by Steve McCarthy.
15:33 of 2nd period - Wrist shot by Jan Hlavac.
15:33 of 2nd period - Stopped by Jocelyn Thibault with a rebound.
15:35 of 2nd period - Slapshot by Filip Novak.
15:35 of 2nd period - Shot Blocked by Steve McCarthy.
15:37 of 2nd period - Slapshot by Filip Novak.
15:37 of 2nd period - Deflect By Daniel Cleary.
15:37 of 2nd period - Goal by Daniel Cleary - Stars : 3 - Blackhawks : 4.
15:38 of 2nd period - Henrik Sedin wins face-off versus Robert Nilsson in neutral zone.
16:21 of 2nd period - Off-side.
16:22 of 2nd period - Éric Belanger wins face-off versus Dominic Moore in neutral zone.
16:31 of 2nd period - Slapshot by Evgeny Artyukhin.
16:31 of 2nd period - Shot Misses the Net.
16:45 of 2nd period - Minor Penalty to Ryan Malone for Hooking.
16:46 of 2nd period - Éric Belanger wins face-off versus Robert Nilsson in Stars zone.
16:46 of 2nd period - Éric Belanger is hit by Robert Nilsson.
16:47 of 2nd period - Éric Belanger from Stars is injured at 16:47 of 2nd period (Strained Left Knee).
16:48 of 2nd period - Robert Nilsson wins face-off versus Marty Reasoner in Stars zone.
17:31 of 2nd period - Slapshot by Johnny Oduya.
17:31 of 2nd period - Shot Misses the Net.
18:41 of 2nd period - Slapshot by Daniel Carcillo.
18:41 of 2nd period - Deflect By Pavel Kubina.
18:41 of 2nd period - Shot Misses the Net.
18:41 of 2nd period - Puck is out of play.
18:42 of 2nd period - George Parros wins face-off versus John Tavares in Stars zone.
18:45 of 2nd period - Penalty to Ryan Malone is over, Ryan Malone is back on ice.
18:51 of 2nd period - Snap shot by Daniel Carcillo.
18:51 of 2nd period - Shot Blocked by Matthew Spiller.
19:03 of 2nd period - Wrist shot by Jan Hlavac.
19:03 of 2nd period - Stopped by Jocelyn Thibault with a rebound.
19:05 of 2nd period - Slapshot by Matthew Spiller.
19:05 of 2nd period - Shot Misses the Net.
19:11 of 2nd period - Slapshot by John Tavares.
19:11 of 2nd period - Shot Misses the Net.
19:13 of 2nd period - Slapshot by Filip Novak.
19:13 of 2nd period - Shot Misses the Net.
19:15 of 2nd period - Snap shot by John Tavares.
19:15 of 2nd period - Deflect By Ryan Malone.
19:15 of 2nd period - Goal by Ryan Malone - Stars : 4 - Blackhawks : 4.
19:16 of 2nd period - Henrik Sedin wins face-off versus Robert Nilsson in neutral zone.
19:25 of 2nd period - Wrist shot by Shane Doan.
19:25 of 2nd period - Shot Blocked by Kris Versteeg.
19:31 of 2nd period - Snap shot by Henrik Sedin.
19:31 of 2nd period - Shot Misses the Net.
19:37 of 2nd period - Minor Penalty to Steve McCarthy for Holding.
19:38 of 2nd period - Dominic Moore wins face-off versus John Tavares in Blackhawks zone.
19:45 of 2nd period - Wrist shot by John Tavares.
19:45 of 2nd period - Stopped by Jocelyn Thibault with a rebound.
Goals for this period are 2 for Stars vs 1 for Blackhawks.
Shots for this period are 9 for Stars vs 4 for Blackhawks.
3rd period
0:01 of 3rd period - Dominic Moore wins face-off versus John Tavares in neutral zone.
0:14 of 3rd period - Snap shot by Alexei Morozov.
0:14 of 3rd period - Deflect By John Tavares.
0:14 of 3rd period - Shot Blocked by Jeff Schultz.
0:14 of 3rd period - Puck is out of play.
0:15 of 3rd period - Dominic Moore wins face-off versus John Tavares in Blackhawks zone.
0:28 of 3rd period - Wrist shot by Jamie Langenbrunner.
0:28 of 3rd period - Shot Misses the Net.
1:37 of 3rd period - Penalty to Steve McCarthy is over, Steve McCarthy is back on ice.
1:39 of 3rd period - Minor Penalty to Pavel Kubina for Roughing.
1:40 of 3rd period - Robert Nilsson wins face-off versus Marty Reasoner in Stars zone.
1:45 of 3rd period - Snap shot by Henrik Zetterberg.
1:45 of 3rd period - Shot Misses the Net.
1:47 of 3rd period - Snap shot by Robert Nilsson.
1:47 of 3rd period - Deflect By Kris Versteeg.
1:47 of 3rd period - Shot Misses the Net.
1:47 of 3rd period - Puck is out of play.
1:48 of 3rd period - Marty Reasoner wins face-off versus Robert Nilsson in Stars zone.
2:19 of 3rd period - Brendan Bell is hit by Johnny Oduya and loses puck.
2:32 of 3rd period - Backhand shot by Henrik Zetterberg.
2:32 of 3rd period - Shot Misses the Net.
2:34 of 3rd period - Snap shot by John Carlson.
2:34 of 3rd period - Stopped by Pascal Leclaire with a rebound.
2:36 of 3rd period - Wrist shot by Robert Nilsson.
2:36 of 3rd period - Goal by Robert Nilsson - Stars : 4 - Blackhawks : 5.
2:37 of 3rd period - Shane Doan wins face-off versus Dominic Moore in neutral zone.
2:50 of 3rd period - Snap shot by Shane Doan.
2:50 of 3rd period - Shot Misses the Net.
3:12 of 3rd period - Slapshot by John Tavares.
3:12 of 3rd period - Deflect By Alexei Morozov.
3:12 of 3rd period - Shot Blocked by Daniel Carcillo.
3:12 of 3rd period - Puck is out of play.
3:13 of 3rd period - Robert Nilsson wins face-off versus John Tavares in Blackhawks zone.
3:13 of 3rd period - Steve McCarthy is hit by John Tavares and loses puck.
3:27 of 3rd period - Minor Penalty to John Tavares for Holding.
3:28 of 3rd period - Marty Reasoner wins face-off versus Robert Nilsson in Stars zone.
5:27 of 3rd period - Penalty to John Tavares is over, John Tavares is back on ice.
5:43 of 3rd period - Sheldon Keefe is hit by Brendan Bell and loses puck.
5:54 of 3rd period - Logan Couture is hit by Patrick Sharp and loses puck.
6:17 of 3rd period - Snap shot by Daniel Carcillo.
6:17 of 3rd period - Stopped by Pascal Leclaire with a rebound.
6:19 of 3rd period - Snap shot by Logan Couture.
6:19 of 3rd period - Stopped by Pascal Leclaire with a rebound.
6:21 of 3rd period - Snap shot by Johnny Oduya.
6:21 of 3rd period - Shot Blocked by Pavel Kubina.
6:23 of 3rd period - Snap shot by Logan Couture.
6:23 of 3rd period - Shot Misses the Net.
6:25 of 3rd period - Snap shot by Sheldon Keefe.
6:25 of 3rd period - Stopped by Pascal Leclaire without a rebound.
6:26 of 3rd period - Daniel Sedin wins face-off versus Jamie Langenbrunner in Stars zone.
6:37 of 3rd period - Slapshot by Daniel Sedin.
6:37 of 3rd period - Shot Misses the Net.
6:51 of 3rd period - Jan Hlavac is hit by Henrik Zetterberg and loses puck.
7:28 of 3rd period - Snap shot by Dominic Moore.
7:28 of 3rd period - Shot Blocked by Matthew Spiller.
7:54 of 3rd period - Marty Reasoner is hit by Steve McCarthy and loses puck.
8:29 of 3rd period - Minor Penalty to Alexei Morozov for Hooking.
8:30 of 3rd period - Marty Reasoner wins face-off versus Robert Nilsson in Stars zone.
9:07 of 3rd period - Filip Novak is hit by Chris Higgins and loses puck.
9:32 of 3rd period - Kris Versteeg is hit by Filip Novak and loses puck.
10:24 of 3rd period - Pavel Kubina is hit by Scott Gomez and loses puck.
10:29 of 3rd period - Penalty to Alexei Morozov is over, Alexei Morozov is back on ice.
10:45 of 3rd period - Snap shot by Daniel Carcillo.
10:45 of 3rd period - Shot Blocked by Pavel Kubina.
11:21 of 3rd period - Kris Versteeg is hit by Mark Streit and loses puck.
12:33 of 3rd period - Robert Nilsson is hit by John Tavares and loses puck.
12:46 of 3rd period - Daniel Sedin is hit by Sheldon Keefe and loses puck.
12:59 of 3rd period - Daniel Cleary is hit by Scott Gomez and loses puck.
13:43 of 3rd period - Daniel Cleary is hit by Logan Couture and loses puck.
14:34 of 3rd period - Marty Reasoner is hit by John Carlson and loses puck.
14:51 of 3rd period - Shane Doan is hit by Dominic Moore and loses puck.
15:08 of 3rd period - Mark Streit is hit by Steve Bernier.
15:09 of 3rd period - Icing by Mark Streit.
15:10 of 3rd period - John Tavares wins face-off versus Henrik Zetterberg in Stars zone.
15:22 of 3rd period - Minor Penalty to Scott Gomez for Hooking.
15:23 of 3rd period - Henrik Sedin wins face-off versus Dominic Moore in Blackhawks zone.
15:24 of 3rd period - Wrist shot by Shane Doan.
15:24 of 3rd period - Stopped by Jocelyn Thibault without a rebound.
15:25 of 3rd period - Dominic Moore wins face-off versus Henrik Sedin in Blackhawks zone.
15:37 of 3rd period - Icing by Henrik Sedin.
15:38 of 3rd period - Dominic Moore wins face-off versus Henrik Sedin in Stars zone.
15:47 of 3rd period - Snap shot by Dominic Moore.
15:47 of 3rd period - Stopped by Pascal Leclaire with a rebound.
15:57 of 3rd period - Snap shot by Patrick Sharp.
15:57 of 3rd period - Shot Misses the Net.
15:59 of 3rd period - Slapshot by Patrick Sharp.
15:59 of 3rd period - Stopped by Jocelyn Thibault without a rebound.
16:00 of 3rd period - John Tavares wins face-off versus Dominic Moore in Blackhawks zone.
16:13 of 3rd period - Snap shot by Daniel Sedin.
16:13 of 3rd period - Stopped by Jocelyn Thibault without a rebound.
16:14 of 3rd period - Dominic Moore wins face-off versus John Tavares in Blackhawks zone.
16:22 of 3rd period - Off-side.
16:23 of 3rd period - Daniel Sedin wins face-off versus Dominic Moore in neutral zone.
16:26 of 3rd period - Backhand shot by Alexei Morozov.
16:26 of 3rd period - Shot Misses the Net.
16:40 of 3rd period - Wrist shot by Alexei Morozov.
16:40 of 3rd period - Stopped by Jocelyn Thibault with a rebound.
17:22 of 3rd period - Penalty to Scott Gomez is over, Scott Gomez is back on ice.
17:23 of 3rd period - Dominic Moore is hit by Henrik Sedin and loses puck.
17:32 of 3rd period - Snap shot by Henrik Sedin.
17:32 of 3rd period - Stopped by Jocelyn Thibault with a rebound.
17:34 of 3rd period - Slapshot by Patrick Sharp.
17:34 of 3rd period - Stopped by Jocelyn Thibault without a rebound.
17:35 of 3rd period - Patrick Sharp wins face-off versus Scott Gomez in Blackhawks zone.
17:42 of 3rd period - Slapshot by Evgeny Artyukhin.
17:42 of 3rd period - Stopped by Jocelyn Thibault with a rebound.
17:44 of 3rd period - Slapshot by Filip Novak.
17:44 of 3rd period - Shot Blocked by Niclas Wallin.
17:46 of 3rd period - Wrist shot by Patrick Sharp.
17:46 of 3rd period - Stopped by Jocelyn Thibault without a rebound.
17:47 of 3rd period - Scott Gomez wins face-off versus John Tavares in Blackhawks zone.
18:17 of 3rd period - Snap shot by Chris Higgins.
18:17 of 3rd period - Shot Blocked by Shane Doan.
18:19 of 3rd period - Slapshot by Chris Campoli.
18:19 of 3rd period - Stopped by Pascal Leclaire without a rebound.
18:20 of 3rd period - Dominic Moore wins face-off versus Henrik Sedin in Stars zone.
18:25 of 3rd period - Snap shot by Dominic Moore.
18:25 of 3rd period - Stopped by Pascal Leclaire with a rebound.
18:27 of 3rd period - Slapshot by Chris Campoli.
18:27 of 3rd period - Shot Blocked by Pavel Kubina.
18:29 of 3rd period - Slapshot by Jeff Schultz.
18:29 of 3rd period - Stopped by Pascal Leclaire with a rebound.
18:31 of 3rd period - Wrist shot by Dominic Moore.
18:31 of 3rd period - Shot Misses the Net.
18:33 of 3rd period - Slapshot by Jeff Schultz.
18:33 of 3rd period - Deflect By Chris Higgins.
18:33 of 3rd period - Shot Blocked by Pavel Kubina.
18:33 of 3rd period - Puck is out of play.
18:34 of 3rd period - John Tavares wins face-off versus Robert Nilsson in Stars zone.
18:45 of 3rd period - Stars, Pascal Leclaire is pulled from the net.
18:45 of 3rd period - Snap shot by John Tavares.
18:45 of 3rd period - Shot Misses the Net.
19:12 of 3rd period - Wrist shot by Kris Versteeg.
19:12 of 3rd period - Shot Blocked by Mark Streit.
19:28 of 3rd period - Snap shot by Robert Nilsson.
19:28 of 3rd period - Shot Blocked by Henrik Sedin.
19:37 of 3rd period - Snap shot by Patrick Sharp.
19:37 of 3rd period - Stopped by Jocelyn Thibault without a rebound.
19:38 of 3rd period - Barry Trotz call a timeout for Stars.
19:38 of 3rd period - Robert Nilsson wins face-off versus Henrik Sedin in Blackhawks zone.
19:38 of 3rd period - Robert Nilsson is hit by Henrik Sedin.
Goals for this period are 0 for Stars vs 1 for Blackhawks.
Shots for this period are 9 for Stars vs 9 for Blackhawks.
Output by the SimonT Hockey Simulator (STHS) for François Prévost -- Original Page W3C XHTML 1.0 Valid